 Dungeon Crawl Stone Soup version 0.22.0-27-ga576289601 (webtiles) character file.

861 Rrauwl the Cleaver (level 7, -1/59 HPs)
             Began as a Minotaur Fighter on Aug 22, 2018.
             Killed by nerve-wracking pain
             ... invoked by an orc priest
              (6 damage)
             ... on level 6 of the Dungeon.
             The game lasted 00:07:07 (4834 turns).

Rrauwl the Cleaver (Minotaur Fighter)               Turns: 4834, Time: 00:07:08

Health: -1/59      AC:  7    Str: 20    XL:     7   Next: 71%
Magic:  7/7        EV:  7    Int:  3    God:    Xom [..*...]
Gold:   178        SH:  9    Dex:  8    Spells: 6/6 levels left

rFire    . . .     SeeInvis .   a - +0 war axe
rCold    . . .     Gourm    .   r - +0 shield
rNeg     + . .     Faith    .   b - +0 scale mail
rPois    .         Spirit   .   (helmet restricted)
rElec    .         Reflect  .   h - scarf {cloud immunity}
rCorr    .         Harm     .   (no gloves)
MR       .....     Rnd*Tele +   (no boots)
Stlth    ..........             x - amulet of rage
HPRegen  0.19/turn              s - ring of teleportation (curse)
MPRegen  0.10/turn              l - ring of positive energy

@: no status effects
A: retaliatory headbutt, horns 2, clumsy 1, dopey 1, weak 1
a: Renounce Religion, Evoke Berserk Rage


You were on level 6 of the Dungeon.
You worshipped Xom.
You were a toy of Xom.
You were not hungry.

You visited 1 branch of the dungeon, and saw 6 of its levels.

You collected 178 gold pieces.

Inventory:

Hand Weapons
 a - a +0 war axe (weapon)
 c - a +1 mace of protection
Armour
 b - a +0 scale mail (worn)
 h - a scarf of cloud immunity (worn)
 n - a +0 cloak
 r - a +0 shield (worn)
Jewellery
 f - an uncursed ring of wizardry
 l - a ring of positive energy (right hand)
 m - an uncursed ring of magical power
 s - a cursed ring of teleportation (left hand)
 x - an amulet of rage (around neck)
Wands
 w - a wand of flame (26)
Scrolls
 g - 3 scrolls of remove curse {unknown}
 j - a scroll of blinking {unknown}
 o - a scroll of teleportation {unknown}
 p - 2 scrolls of immolation {unknown}
 t - 4 scrolls of identify {unknown}
 u - 2 scrolls of fear {unknown}
 y - a scroll of random uselessness {unknown}
 A - a scroll of enchant armour {unknown}
Potions
 d - 2 potions of might
 i - a potion of flight {unknown}
 k - 3 potions of lignification {unknown}
 q - 2 potions of invisibility {unknown}
 v - 2 potions of haste {unknown}
 z - a potion of cancellation {unknown}
 B - a potion of curing {unknown}
Comestibles
 e - 7 rations
 C - 3 chunks of flesh


   Skills:
 - Level 4.0 Fighting
 + Level 9.7 Axes
 - Level 4.0 Armour
 - Level 4.1 Shields
 + Level 2.2 Evocations


You had 6 spell levels left.
You didn't know any spells.
Your spell library contained the following spells:

 Spells                   Type           Power        Failure   Level  Hunger
 Infusion                 Chrm           #...         100%        1    ##.....
 Shroud of Golubria       Chrm/Tloc      #.........   100%        2    ###....
 Song of Slaying          Chrm           #.......     100%        2    ###....
 Regeneration             Chrm/Necr      #.........   100%        3    ####...
 Spectral Weapon          Hex/Chrm       #.......     100%        3    ####...


Dungeon Overview and Level Annotations

Branches:
Dungeon (6/15)
 Temple: D:4-7

Altars:
Hepliaklqana
Ru
Xom
Yredelemnul


Innate Abilities, Weirdness & Mutations

You reflexively headbutt those who attack you in melee.
You have a pair of horns on your head.
You are clumsy. (Dex -2)
You are dopey. (Int -2)
You are weak. (Str -2)


Message History

Beogh smites you!
* * * LOW HITPOINT WARNING * * *
You slash the orc priest!
You kill the orc priest!
The centaur shoots an arrow.
The arrow hits you.
* * * LOW HITPOINT WARNING * * *
Unknown command.
You closely miss the orc priest. The orc priest hits you with a club.
* * * LOW HITPOINT WARNING * * *
Unknown command.
Your shield and scale mail prevent you from hitting the orc priest.
The orc priest closely misses you. You furiously retaliate!
You headbutt the orc priest!
Unknown command.
You hit the orc priest.
The orc priest is almost dead.
The orc priest calls down the wrath of Beogh upon you.
Pain shoots through your body!
You die...
Xom snickers!

##### #####...#
.......### .#
#.......########or.#
#............@oca#
#.......#######ol....
###...### ..... #..<#
#... ##### .# .


You could see a centaur, an iguana, a worker ant, 2 orc priests, an orc and a
quokka.

Vanquished Creatures
  An ice beast (D:5)
  An ogre (D:4)
  A phantom (D:4)
  A centaur (D:5)
  2 crimson imps (D:5)
  A hound (D:5)
  A jelly (D:5)
  A bullfrog skeleton (D:4)
  2 orc priests
  Terence (D:2)
  2 worker ants (D:4)
  8 adders
  An ooze (D:1)
  4 worms
  5 dart slugs
  2 leopard geckos (D:3)
  8 orcs (D:3)
  6 bats
  5 giant cockroaches
  15 goblins
  9 hobgoblins
  13 jackals
  12 kobolds
  3 quokkas
  2 ball pythons
  6 frilled lizards
  13 rats
126 creatures vanquished.

Vanquished Creatures (others)
  An orc wizard (D:6)
1 creature vanquished.

Grand Total: 127 creatures vanquished

Notes
Turn   | Place    | Note
-------+----------+-------------------------------------------
     0 | D:1      | Rrauwl the Minotaur Fighter began the quest for the Orb.
     0 | D:1      | Reached XP level 1. HP: 19/19 MP: 0/0
   136 | D:1      | Reached XP level 2. HP: 27/27 MP: 1/1
   585 | D:1      | Reached skill level 3 in Axes
   585 | D:1      | Reached XP level 3. HP: 30/33 MP: 2/2
  1104 | D:2      | Noticed Terence
  1111 | D:2      | Killed Terence
  1111 | D:2      | Reached skill level 4 in Axes
  1111 | D:2      | Reached XP level 4. HP: 37/40 MP: 3/3
  1361 | D:2      | Reached skill level 5 in Axes
  1727 | D:2      | Reached XP level 5. HP: 46/46 MP: 4/4
  1733 | D:2      | Found a hazy altar of Hepliaklqana.
  1830 | D:3      | Reached skill level 6 in Axes
  1870 | D:3      | Found a faded altar of an unknown god.
  1873 | D:3      | Became a worshipper of Xom of Chaos
  1878 | D:3      | XOM: harmless Erth miscast
  2238 | D:3      | Found a sacrificial altar of Ru.
  2503 | D:3      | XOM: silly message
  2680 | D:4      | Noticed a phantom
  2695 | D:4      | Killed a phantom
  2695 | D:4      | Reached skill level 7 in Axes
  2695 | D:4      | Reached XP level 6. HP: 43/52 MP: 5/5
  2748 | D:4      | Reached skill level 8 in Axes
  2786 | D:4      | Found a basalt altar of Yredelemnul.
  2787 | D:4      | XOM: summons 4 hostile shadow creatures
  2977 | D:4      | XOM: 2-stop teleportation journey
  3051 | D:4      | XOM: 1-stop teleportation journey
  3121 | D:4      | XOM: chaos upgrade
  3139 | D:4      | Reached XP level 7. HP: 58/59 MP: 6/6
  3168 | D:4      | XOM: harmless Erth miscast
  3184 | D:4      | XOM: summons 2 hostile demons
  3335 | D:4      | XOM: noise
  3373 | D:4      | XOM: draining
  3494 | D:5      | Entered Level 5 of the Dungeon
  3583 | D:5      | XOM is BORED!
  3643 | D:5      | Found a shimmering altar of Xom.
  3677 | D:5      | XOM: enchant monster (bad)
  3679 | D:5      | Reached skill level 9 in Axes
  4011 | D:5      | XOM: mild Erth miscast
  4019 | D:5      | Reached skill level 1 in Evocations
  4549 | D:5      | XOM: give mutations
  4549 | D:5      | Gained mutation: You are dopey. (Int -2) [Xom's mischief]
  4549 | D:5      | Gained mutation: You are weak. (Str -2) [Xom's mischief]
  4549 | D:5      | Gained mutation: You are clumsy. (Dex -2) [Xom's mischief]
  4693 | D:5      | XOM: confuse monster(s)
  4834 | D:6      | Killed from afar by an orc priest

Skill      XL: |  1  2  3  4  5  6  7 |
---------------+----------------------+-----
Armour         | 4 |  4.0
Shields        | 4 |  4.1
Fighting       | 4 |  4.0
Axes           | 3 4 5 7 8 9 |  9.7
Evocations     | 2 |  2.2

Action                   |  1- 3 |  4- 6 |  7- 9 || total
-------------------------+-------+-------+-------++-------
Melee: War axe           |    66 |   189 |    79 ||   334
       Headbutt          |    12 |    34 |     9 ||    55
       Mace              |       |     2 |       ||     2
 Abil: Evoke Berserk Rag |       |     1 |       ||     1
  Eat: Chunk             |     1 |     7 |     2 ||    10
       Ration            |       |       |     1 ||     1
Armor: Scale mail        |    41 |    76 |    25 ||   142
Dodge: Dodged            |    12 |    42 |    19 ||    73
Block: Shield            |    36 |    88 |    26 ||   150
